[Event "Faroes Open 2018"]
[Site "Sandavagur"]
[Date "2018.07.13"]
[Round "8"]
[White "Haubro, Siv"]
[Black "Olsen, Kaj"]
[Result "1/2-1/2"]
[ECO "C55"]
[WhiteElo "1780"]
[BlackElo "1696"]
[Annotator "NA"]
[PlyCount "100"]
[EventDate "2018.07.07"]
[EventType "swiss"]
[EventCountry "FAI"]
[SourceTitle "playchess.com"]
[Source "ChessBase"]
[SourceQuality "1"]
[TimeControl "40/5400+30:900+30"]

1. e4 e5 2. Nf3 Nf6 3. Bc4 Nc6 4. O-O d6 5. d3 Bg4 6. Nbd2 Na5 7. Bb3 Be7 8. c3 c5 9. Bc2 Nc6 10. Re1 O-O 11. Nf1 d5 12. Qe2 d4 13. Ng3 Ne8 14. Ba4 Qd6 15. h3 Be6 16. Ng5 Bxg5 17. Bxg5 f6 18. Bd2 Rd8 19. c4 Rb8 20. Rf1 Nc7 21. f4 a6 22. f5 Bf7 23. Qg4 b5 24. Bh6 Ne8 25. cxb5 axb5 26. Bb3 Bxb3 27. Nh5 Rf7 28. axb3 Nb4 29. Rf3 Kf8 30. Rg3 Qc7 31. Bd2 Nc6 32. Ra6 Qb7 33. Ra1 Ra8 34. Rxa8 Qxa8 35. Kh2 Na5 36. Qd1 Nc6 37. Qc2 Qa7 38. h4 Kg8 39. Rf3 Kh8 40. g4 Nc7 41. g5 fxg5 42. Bxg5 b4 43. Nxg7 Kxg7 44. Qg2 Qb8 45. Bh6+ Kh8 46. Rg3 Ne7 47. h5 Qb6 48. Bg7+ Rxg7 49. Rxg7 Qf6 50. Rg4 Qh6 1/2-1/2

[Event "Faroes Open 2018"]
[Site "Sandavagur"]
[Date "2018.07.13"]
[Round "8"]
[White "Nielsen, Jon I Horni"]
[Black "Joensen, Hans Petur"]
[Result "0-1"]
[ECO "B27"]
[WhiteElo "1735"]
[BlackElo "1627"]
[Annotator "NA"]
[PlyCount "32"]
[EventDate "2018.07.07"]
[EventType "swiss"]
[EventCountry "FAI"]
[SourceTitle "playchess.com"]
[Source "ChessBase"]
[SourceQuality "1"]
[TimeControl "40/5400+30:900+30"]

1. e4 c5 2. Nf3 g6 3. d4 cxd4 4. Nxd4 Bg7 5. Be3 Nf6 6. Nc3 Nc6 7. f3 Qa5 8. Qd2 d5 9. Nxc6 bxc6 10. exd5 Nxd5 11. Bd4 e5 12. Nxd5 Qxd5 13. Bc3 O-O 14. O-O-O Qxa2 15. b3 Be6 16. Qd6 Bh6+ 0-1

[Event "Faroes Open 2018"]
[Site "Sandavagur"]
[Date "2018.07.13"]
[Round "8"]
[White "Djurhuus, Arant"]
[Black "Spiesberger, Gerhard"]
[Result "0-1"]
[ECO "A41"]
[WhiteElo "1703"]
[BlackElo "2058"]
[Annotator "NA"]
[PlyCount "82"]
[EventDate "2018.07.07"]
[EventType "swiss"]
[EventCountry "FAI"]
[SourceTitle "playchess.com"]
[Source "ChessBase"]
[SourceQuality "1"]
[TimeControl "40/5400+30:900+30"]

1. d4 d6 2. Nf3 Nc6 3. e4 e5 4. dxe5 Nxe5 5. Nxe5 dxe5 6. Qxd8+ Kxd8 7. Bc4 f6 8. Be3 c6 9. Nd2 Kc7 10. a4 Bd6 11. a5 Ne7 12. c3 $14 Bd7 13. O-O Ng6 14. b4 Rhe8 15. Rfc1 Be6 16. Bf1 b6 17. Nc4 Bxc4 18. Bxc4 b5 19. Bf1 a6 20. c4 Kb7 21. Rab1 Nf4 22. Bb6 Ne6 23. Rd1 Bc7 24. Rd7 Rad8 25. Rf7 Rf8 26. Re7 Rde8 27. Rd7 Kc8 28. Rbd1 Rd8 29. Rxd8+ Rxd8 30. Rxd8+ Bxd8 31. Be3 Be7 32. cxb5 cxb5 33. Bd2 Nd4 34. Bd3 Nc6 35. Kf1 Bxb4 36. Ke2 Bxd2 37. Kxd2 Nxa5 38. Kc3 Nc6 39. Bb1 Kd7 40. g3 Kd6 41. Ba2 Kc5 0-1

[Event "Faroes Open 2018"]
[Site "Sandavagur"]
[Date "2018.07.13"]
[Round "8"]
[White "Tummasarson, Flóvin Matras"]
[Black "Fjallheim, Benjamin Reinert"]
[Result "1/2-1/2"]
[ECO "C54"]
[WhiteElo "1237"]
[BlackElo "1375"]
[Annotator "NA"]
[PlyCount "102"]
[EventDate "2018.07.07"]
[EventType "swiss"]
[EventCountry "FAI"]
[SourceTitle "playchess.com"]
[Source "ChessBase"]
[SourceQuality "1"]
[TimeControl "40/5400+30:900+30"]

1. e4 e5 2. Nf3 Nc6 3. Bc4 Bc5 4. c3 Nf6 5. d3 d6 6. Be3 Bb6 7. Nbd2 Be6 8. O-O Ng4 9. Bxb6 axb6 10. h3 Nf6 11. Qc2 O-O 12. b4 Na7 13. d4 exd4 14. cxd4 Bxc4 15. Nxc4 c5 16. bxc5 bxc5 17. dxc5 dxc5 18. e5 Nd7 19. Nd6 Qc7 20. Rfd1 Nc6 21. Qe4 Ra5 22. Ng5 g6 23. f4 Nd4 24. Qxb7 Qxb7 25. Nxb7 Ra7 26. Nd6 Ne2+ 27. Kf2 Nxf4 28. Nf3 Rfa8 29. Rd2 Ne6 30. Nb5 Ra5 31. Nc3 Nd4 32. Nxd4 cxd4 33. Rxd4 Nxe5 34. a4 Rc5 35. Ne4 Rc2+ 36. Rd2 Rxd2+ 37. Nxd2 Kf8 38. a5 Ra6 39. Nb3 Nc6 40. Ke3 Nb4 41. Kd2 Rd6+ 42. Ke2 Na6 43. Rc1 Ke7 44. Nc5 Rc6 45. Nb3 Rxc1 46. Nxc1 Kd6 47. Na2 Kc5 48. Nc3 Kb4 49. Ne4 Nb8 50. Ng5 Kxa5 51. Nxf7 Nd7 1/2-1/2

[Event "Faroes Open 2018"]
[Site "Sandavagur"]
[Date "2018.07.13"]
[Round "8"]
[White "Jacobsen, Markus"]
[Black "Petersen, Gutti"]
[Result "0-1"]
[ECO "B95"]
[WhiteElo "1106"]
[BlackElo "1596"]
[Annotator "NA"]
[PlyCount "78"]
[EventDate "2018.07.07"]
[EventType "swiss"]
[EventCountry "FAI"]
[SourceTitle "playchess.com"]
[Source "ChessBase"]
[SourceQuality "1"]
[TimeControl "40/5400+30:900+30"]

1. e4 c5 2. Nf3 d6 3. d4 cxd4 4. Nxd4 Nf6 5. Nc3 a6 6. Bg5 e6 7. Bd3 Be7 8. Qe2 Qc7 9. O-O Nc6 10. Nxc6 bxc6 11. Rae1 e5 12. h3 a5 13. Bxf6 Bxf6 14. Bc4 O-O 15. Rd1 Bb7 16. Rd3 Rad8 17. Rfd1 Be7 18. Qg4 Bc8 19. Qg3 Kh8 20. Rf3 f5 21. exf5 Bxf5 22. Rd2 d5 23. Bd3 Bxd3 24. Rxf8+ Rxf8 25. Rxd3 Bf6 26. Nd1 Qe7 27. Rf3 e4 28. Rf4 Rd8 29. Rg4 c5 30. Ne3 g6 31. b3 d4 32. Nc4 d3 33. cxd3 exd3 34. Qf4 Bc3 35. Qc1 Qe1+ 36. Qxe1 Bxe1 37. Ne5 d2 38. Nf7+ Kg7 39. Nxd8 d1=Q 0-1

[Event "Faroes Open 2018"]
[Site "Sandavagur"]
[Date "2018.07.13"]
[Round "8"]
[White "Petersen, Elias"]
[Black "Gregersen, Einar"]
[Result "0-1"]
[ECO "B50"]
[WhiteElo "1035"]
[BlackElo "1665"]
[Annotator "NA"]
[PlyCount "60"]
[EventDate "2018.07.07"]
[EventType "swiss"]
[EventCountry "FAI"]
[SourceTitle "playchess.com"]
[Source "ChessBase"]
[SourceQuality "1"]
[TimeControl "40/5400+30:900+30"]

1. e4 c5 2. Nf3 d6 3. h3 g6 4. Bc4 Bg7 5. O-O Nc6 6. Nc3 a6 7. a3 Nf6 8. d3 O-O 9. Be3 Nd7 10. Qd2 Nde5 11. Nxe5 Nxe5 12. Bb3 b5 13. f4 Nc6 14. Rf3 Bb7 15. Raf1 e6 16. f5 exf5 17. exf5 Nd4 18. Rf4 Nxf5 19. a4 Be5 20. Rg4 h5 21. Rxg6+ Kh7 22. Rg5 Nxe3 23. Rxh5+ Kg6 24. Qe2 f5 25. Rf2 bxa4 26. Ba2 f4 27. h4 f3 28. Rg5+ Qxg5 29. hxg5 fxe2 30. Rxe2 Rf1# 0-1

[Event "Faroes Open 2018"]
[Site "Sandavagur"]
[Date "2018.07.14"]
[Round "9"]
[White "Vavulin, Maksim"]
[Black "Narayanan, Srinath"]
[Result "1/2-1/2"]
[ECO "C00"]
[WhiteElo "2552"]
[BlackElo "2549"]
[Annotator "ChessBase"]
[PlyCount "64"]
[EventDate "2018.07.07"]
[EventType "swiss"]
[EventCountry "FAI"]
[SourceTitle "playchess.com"]
[Source "ChessBase"]
[SourceQuality "1"]
[TimeControl "40/5400+30:900+30"]

1. e4 e6 2. d4 d5 3. Bd3 dxe4 4. Bxe4 Nf6 5. Bf3 c5 6. Ne2 Be7 7. Nbc3 O-O 8. d5 exd5 9. Nxd5 Nxd5 10. Qxd5 Nc6 11. c3 Be6 12. Qe4 Re8 13. O-O Bf6 14. Qa4 Ne5 15. Bxb7 Rb8 16. Be4 Bc4 17. Qc2 Bd3 18. Bxd3 Qxd3 19. Qd1 Qxd1 20. Rxd1 Nc4 21. Kf1 Nxb2 22. Rd7 Na4 23. Be3 Nxc3 24. Nxc3 Bxc3 25. Rc1 Bd4 26. Bxd4 cxd4 27. Rxa7 Red8 28. g3 d3 29. Rd1 g6 30. Ra3 Rb2 31. Raxd3 Rxd3 32. Rxd3 Rxa2 1/2-1/2

[Event "Faroes Open 2018"]
[Site "Sandavagur"]
[Date "2018.07.14"]
[Round "9"]
[White "Greenfeld, Alon"]
[Black "Nakar, Eylon"]
[Result "1-0"]
[WhiteElo "2496"]
[BlackElo "2462"]
[Annotator "RC"]
[PlyCount "41"]
[EventDate "2018.07.07"]
[EventType "swiss"]
[EventCountry "FAI"]
[SourceTitle "playchess.com"]
[Source "ChessBase"]
[SourceQuality "1"]
[TimeControl "40/5400+30:900+30"]

1. d4 Nf6 2. c4 e6 3. g3 d5 4. Bg2 Bb4+ 5. Nd2 O-O 6. Ngf3 b6 7. O-O Bb7 8. Ne5 Re8 9. Ndf3 Bd6 10. Ng5 Rf8 11. e4 dxe4 12. Qe2 Nbd7 13. Bf4 h6 14. Nxe4 Bxe4 15. Bxe4 Bxe5 16. dxe5 Nxe4 17. Qxe4 Nc5 18. Qc6 Qd4 19. b3 Nd3 20. Rad1 Rad8 21. h4 1-0

[Event "Faroes Open 2018"]
[Site "Sandavagur"]
[Date "2018.07.14"]
[Round "9"]
[White "Kristiansen, Jens"]
[Black "Simonsen, Hans Kristian"]
[Result "1-0"]
[ECO "D43"]
[WhiteElo "2380"]
[BlackElo "2150"]
[Annotator "NA"]
[PlyCount "37"]
[EventDate "2018.07.07"]
[EventType "swiss"]
[EventCountry "FAI"]
[SourceTitle "playchess.com"]
[Source "ChessBase"]
[SourceQuality "1"]
[TimeControl "40/5400+30:900+30"]

1. d4 d5 2. c4 c6 3. Nf3 Nf6 4. Nc3 e6 5. g3 b6 6. Bg2 Bb7 7. O-O Be7 8. b3 O-O 9. Qc2 dxc4 10. bxc4 c5 11. d5 exd5 12. cxd5 b5 13. Nxb5 Nxd5 14. Rd1 Qa5 15. Nd6 Bc6 16. Ng5 Bxg5 17. Bxg5 Ba4 18. Qd2 Qxd2 19. Rxd2 1-0

[Event "Faroes Open 2018"]
[Site "Sandavagur"]
[Date "2018.07.14"]
[Round "9"]
[White "Nielsen, Torkil"]
[Black "Jotic, Vladimir"]
[Result "0-1"]
[ECO "B06"]
[WhiteElo "2115"]
[BlackElo "2387"]
[Annotator "ChessBase"]
[PlyCount "70"]
[EventDate "2018.07.07"]
[EventType "swiss"]
[EventCountry "FAI"]
[SourceTitle "playchess.com"]
[Source "ChessBase"]
[SourceQuality "1"]
[TimeControl "40/5400+30:900+30"]

1. e4 g6 2. d4 Bg7 3. Be3 c6 4. c3 d5 5. e5 Nh6 6. f4 Qb6 7. Qb3 f6 8. Nf3 O-O 9. h3 fxe5 10. Nxe5 Nf5 11. Bf2 Nd6 12. g3 g5 13. Qxb6 axb6 14. fxg5 Bxe5 15. dxe5 Ne4 16. Rh2 Nd7 17. h4 Nxe5 18. Be2 Bg4 19. Bd4 Bxe2 20. Bxe5 Ba6 21. Nd2 Nc5 22. Bc7 Nd3+ 23. Kd1 Nxb2+ 24. Kc2 Nd3 25. Bxb6 c5 26. Nb3 Rac8 27. Rd1 Rc6 28. Bxc5 Nxc5 29. Rxd5 Na4 30. Rd7 Rxc3+ 31. Kd2 Rfc8 32. Rh1 Rc2+ 33. Ke3 Nb6 34. Rd4 e5 35. Rg4 Re2+ 0-1

[Event "Faroes Open 2018"]
[Site "Sandavagur"]
[Date "2018.07.14"]
[Round "9"]
[White "Spiesberger, Gerhard"]
[Black "Haubro, Martin"]
[Result "0-1"]
[ECO "B24"]
[WhiteElo "2058"]
[BlackElo "2373"]
[Annotator "NA"]
[PlyCount "116"]
[EventDate "2018.07.07"]
[EventType "swiss"]
[EventCountry "FAI"]
[SourceTitle "playchess.com"]
[Source "ChessBase"]
[SourceQuality "1"]
[TimeControl "40/5400+30:900+30"]

1. e4 c5 2. Nc3 Nc6 3. g3 g6 4. Bg2 Bg7 5. d3 e6 6. Nge2 Nge7 7. O-O O-O 8. Bf4 d6 9. Qd2 Re8 10. Bh6 Bh8 11. Nd1 b5 12. c3 d5 13. exd5 exd5 14. d4 cxd4 15. Nxd4 Nxd4 16. cxd4 Nf5 17. Be3 Bb7 18. Rc1 Qf6 19. Rc7 Rab8 20. Nc3 Qe6 21. Rxb7 Rxb7 22. Bxd5 Qd7 23. Bxb7 Qxb7 24. Qd3 b4 25. Qb5 Qxb5 26. Nxb5 Nxe3 27. fxe3 Rxe3 28. Rd1 Re7 29. Kf2 Rd7 30. Ke3 a6 31. Nc3 bxc3 32. bxc3 Kf8 33. Rb1 Ke7 34. a4 Bf6 35. Ke4 h5 36. Rb6 Rd6 37. Rb7+ Ke6 38. Rb8 Bg7 39. Re8+ Kd7 40. Ra8 f5+ 41. Kd3 Ke6 42. Kc4 Rc6+ 43. Kd3 Bf6 44. c4 Rd6 45. d5+ Kf7 46. Ra7+ Kg8 47. Rb7 Bg7 48. Kc2 Be5 49. Kd3 Kf8 50. Ke3 Ke8 51. Kd3 h4 52. gxh4 Bxh2 53. Kd4 Rd7 54. Rb2 Bg1+ 55. Ke5 Re7+ 56. Kd6 Bd4 57. Rg2 f4 58. Rxg6 f3 0-1

[Event "Faroes Open 2018"]
[Site "Sandavagur"]
[Date "2018.07.14"]
[Round "9"]
[White "Hruby, Milan"]
[Black "Nielsen, Rogvi Egilstoft"]
[Result "1/2-1/2"]
[ECO "D35"]
[WhiteElo "2031"]
[BlackElo "2337"]
[Annotator "NA"]
[PlyCount "86"]
[EventDate "2018.07.07"]
[EventType "swiss"]
[EventCountry "FAI"]
[SourceTitle "playchess.com"]
[Source "ChessBase"]
[SourceQuality "1"]
[TimeControl "40/5400+30:900+30"]

1. d4 Nf6 2. c4 e6 3. Nc3 d5 4. cxd5 exd5 5. Bg5 Be7 6. Qc2 h6 7. Bh4 O-O 8. e3 b6 9. Bd3 Bb7 10. Nge2 c5 11. O-O Nc6 12. a3 cxd4 13. exd4 Re8 14. Rad1 Na5 15. Bb5 Rf8 16. Rfe1 Rc8 17. Nc1 a6 18. Bf1 g5 19. Bg3 Ne4 20. Nd3 Bxa3 21. bxa3 Rxc3 22. Qe2 Nc4 23. Qh5 Qf6 24. Be5 Nxe5 25. dxe5 Qg6 26. Qxg6+ fxg6 27. f3 Nc5 28. Nb4 Rxa3 29. Nxd5 Bxd5 30. Rxd5 Kg7 31. Rd6 b5 32. Rc1 Nb3 33. Rcc6 Re8 34. Rxg6+ Kf7 35. Rxh6 Rxe5 36. Rxa6 Rxa6 37. Rxa6 Ke7 38. Ra3 Nd4 39. Kf2 Kd6 40. Ra1 Kc5 41. Rc1+ Kb4 42. g3 Rf5 43. Ke3 Nb3 1/2-1/2

[Event "Faroes Open 2018"]
[Site "Sandavagur"]
[Date "2018.07.14"]
[Round "9"]
[White "Fjallheim, Leif Reinert"]
[Black "Rodgaard, John"]
[Result "0-1"]
[ECO "B23"]
[WhiteElo "1886"]
[BlackElo "2319"]
[Annotator "NA"]
[PlyCount "78"]
[EventDate "2018.07.07"]
[EventType "swiss"]
[EventCountry "FAI"]
[SourceTitle "playchess.com"]
[Source "ChessBase"]
[SourceQuality "1"]
[TimeControl "40/5400+30:900+30"]

1. e4 c5 2. Nc3 Nc6 3. f4 g6 4. Nf3 Bg7 5. Bc4 e6 6. d3 Nge7 7. e5 d5 {[%emt 0:22:11] B23: Closed Sicilian: Lines without g3} 8. exd6 Nf5 (8... Qxd6 9. O-O b6 10. Bd2 a6 11. Ne4 Qc7 12. Bc3 Nd4 13. a4 O-O 14. Nxd4 {½-½ (14) Lokander,M (2357)-Grishchenko,S (2417) Prague 2015}) 9. Ne4 Nxd6 10. Nxd6+ Qxd6 11. c3 O-O 12. O-O Rd8 $146 ({Predecessor:} 12... b6 13. Qe2 Bb7 14. Be3 Na5 15. Bb5 Bxf3 16. Rxf3 {0-1 (52) Korovin,I (2176)-Klyuev,A (2259) Moscow 2013}) 13. Ng5 Na5 14. Ne4 Qc7 15. Qg4 f5 16. Qh3 Nxc4 17. Ng5 h6 18. dxc4 hxg5 19. fxg5 e5 20. Qf3 Be6 21. Qe2 Qd7 22. Be3 $19 Qd3 23. Qf3 Bxc4 24. Rfd1 Qe2 25. Bxc5 e4 26. Rxd8+ Rxd8 27. Qxe2 Bxe2 28. Bxa7 Rd2 29. b3 f4 30. Bf2 Bxc3 31. Rc1 Rd1+ 32. Rxd1 Bxd1 33. Kf1 Kf7 34. g3 e3 35. Be1 Bxe1 36. Kxe1 fxg3 37. hxg3 Bf3 38. a4 Ke6 39. b4 Kd5 0-1

[Event "Faroes Open 2018"]
[Site "Sandavagur"]
[Date "2018.07.14"]
[Round "9"]
[White "Olsen, Kaj"]
[Black "Esteve Sanchez, Sergio"]
[Result "0-1"]
[ECO "B90"]
[WhiteElo "1696"]
[BlackElo "1994"]
[Annotator "NA"]
[PlyCount "76"]
[EventDate "2018.07.07"]
[EventType "swiss"]
[EventCountry "FAI"]
[SourceTitle "playchess.com"]
[Source "ChessBase"]
[SourceQuality "1"]
[TimeControl "40/5400+30:900+30"]

1. e4 c5 2. Nf3 d6 3. d4 cxd4 4. Nxd4 Nf6 5. Nc3 a6 6. Be3 e5 7. Nb3 Be6 8. Be2 Be7 9. O-O Nbd7 10. f3 b5 11. a3 Rc8 12. Qd2 Nb6 13. Rfd1 O-O 14. Kh1 d5 15. Bxb6 Qxb6 16. exd5 Rfd8 17. Qg5 Nxd5 18. Nxd5 Bxg5 19. Nxb6 Rxc2 20. Bd3 Rc6 21. Na8 Bxb3 22. Be4 Rxd1+ 23. Rxd1 Bxd1 24. Bxc6 Bd8 25. b4 Bb3 26. Kg1 Kf8 27. Kf2 Ke7 28. g4 Kd6 29. Bb7 a5 30. Ke3 axb4 31. axb4 Bd5 32. Bxd5 Kxd5 33. h4 Kc6 34. Ke4 Bxh4 35. Kxe5 Be1 36. Nb6 Kxb6 37. Kd6 Bxb4+ 38. Kd7 Bd2 0-1

[Event "Faroes Open 2018"]
[Site "Sandavagur"]
[Date "2018.07.14"]
[Round "9"]
[White "Gregersen, Einar"]
[Black "Haubro, Siv"]
[Result "1-0"]
[ECO "C79"]
[WhiteElo "1665"]
[BlackElo "1780"]
[Annotator "NA"]
[PlyCount "69"]
[EventDate "2018.07.07"]
[EventType "swiss"]
[EventCountry "FAI"]
[SourceTitle "playchess.com"]
[Source "ChessBase"]
[SourceQuality "1"]
[TimeControl "40/5400+30:900+30"]

1. e4 e5 2. Nf3 Nc6 3. Bb5 a6 4. Ba4 Nf6 5. O-O d6 6. Re1 b5 7. Bb3 Na5 8. d4 Nxb3 9. axb3 exd4 10. e5 dxe5 11. Rxe5+ Be6 12. Ng5 Qd7 13. Qe1 Bd6 14. Nxe6 fxe6 15. Rxe6+ Kf7 16. Re2 Rhe8 17. Bg5 Ng4 18. h3 Ne5 19. Nd2 d3 20. Re3 dxc2 21. Ne4 Bf8 22. Rc1 Rac8 23. Rxc2 Kg8 24. Qe2 Qf5 25. g4 Qg6 26. Bf4 Nc6 27. Rd2 Qf7 28. Bg3 Nb4 29. h4 Nd5 30. Rxd5 Qxd5 31. Nf6+ gxf6 32. Rxe8 Qd7 33. Re6 Kf7 34. Rxa6 b4 35. Qe6+ 1-0

[Event "Faroes Open 2018"]
[Site "Sandavagur"]
[Date "2018.07.14"]
[Round "9"]
[White "Joensen, Hans Petur"]
[Black "Fruehauf, Norbert"]
[Result "1-0"]
[ECO "A10"]
[WhiteElo "1627"]
[BlackElo "1958"]
[Annotator "NA"]
[PlyCount "69"]
[EventDate "2018.07.07"]
[EventType "swiss"]
[EventCountry "FAI"]
[SourceTitle "playchess.com"]
[Source "ChessBase"]
[SourceQuality "1"]
[TimeControl "40/5400+30:900+30"]

1. c4 d6 2. b3 e5 3. g3 Nf6 4. Bg2 g6 5. e3 Bg7 6. Ne2 Nc6 7. Nbc3 O-O 8. O-O Rb8 9. Bb2 Bg4 10. h3 Bf5 11. d4 exd4 12. Nxd4 Nxd4 13. exd4 h5 14. Qd2 Qd7 15. Kh2 Kh7 16. Rae1 Bh6 17. Qd1 c6 18. d5 c5 19. Re2 Rfe8 20. Rfe1 Rxe2 21. Rxe2 a6 22. Qe1 Re8 23. Ne4 Nxe4 24. Bxe4 Bxe4 25. Rxe4 Rxe4 26. Qxe4 Bg7 27. Bxg7 Kxg7 28. a4 Qd8 29. Kg2 Qf6 30. h4 Kf8 31. Qe3 Qf5 32. Kh2 Kg7 33. Kg2 Kf6 34. Qf3 Ke5 35. Qc3+ 1-0

[Event "Faroes Open 2018"]
[Site "Sandavagur"]
[Date "2018.07.14"]
[Round "9"]
[White "Petersen, Gutti"]
[Black "Nielsen, Jon I Horni"]
[Result "1/2-1/2"]
[ECO "C68"]
[WhiteElo "1596"]
[BlackElo "1735"]
[Annotator "NA"]
[PlyCount "119"]
[EventDate "2018.07.07"]
[EventType "swiss"]
[EventCountry "FAI"]
[SourceTitle "playchess.com"]
[Source "ChessBase"]
[SourceQuality "1"]
[TimeControl "40/5400+30:900+30"]

1. e4 e5 2. Nf3 Nc6 3. Bb5 a6 4. Bxc6 dxc6 5. d3 Bd6 6. Be3 Ne7 7. d4 Ng6 8. dxe5 Nxe5 9. Nxe5 Bxe5 10. Qxd8+ Kxd8 11. c3 Re8 12. O-O Bd6 13. Nd2 Be6 14. f4 f6 15. b3 Kd7 16. Rfe1 Rad8 17. g3 Kc8 18. Kg2 Bc5 19. Kf3 Rd3 20. Nf1 Rxc3 21. Rac1 Rxc1 22. Rxc1 Bxe3 23. Nxe3 Rd8 24. Rd1 Rxd1 25. Nxd1 h5 26. Ne3 Kd7 27. f5 Bf7 28. h3 Kd6 29. g4 hxg4+ 30. hxg4 Ke5 31. Nc2 c5 32. Ke3 Be8 33. Ne1 Bc6 34. Nf3+ Kd6 35. Kf4 Ke7 36. g5 b5 37. gxf6+ gxf6 38. Nd2 Kd6 39. Ke3 Be8 40. Kf4 Bf7 41. Ke3 c6 42. Kd3 c4+ 43. bxc4 bxc4+ 44. Kc3 c5 45. a3 Ke5 46. a4 a5 47. Nxc4+ Bxc4 48. Kxc4 Kxe4 49. Kxc5 Kxf5 50. Kb5 Ke5 51. Kxa5 f5 52. Kb6 f4 53. a5 f3 54. a6 f2 55. a7 f1=Q 56. a8=Q Qb1+ 57. Kc7 Qh7+ 58. Kb6 Qg6+ 59. Qc6 Qxc6+ 60. Kxc6 1/2-1/2

[Event "Faroes Open 2018"]
[Site "Sandavagur"]
[Date "2018.07.14"]
[Round "9"]
[White "Nielsen, Suni I Horni"]
[Black "Djurhuus, Arant"]
[Result "1/2-1/2"]
[ECO "B40"]
[WhiteElo "1487"]
[BlackElo "1703"]
[Annotator "NA"]
[PlyCount "73"]
[EventDate "2018.07.07"]
[EventType "swiss"]
[EventCountry "FAI"]
[SourceTitle "playchess.com"]
[Source "ChessBase"]
[SourceQuality "1"]
[TimeControl "40/5400+30:900+30"]

1. e4 c5 2. Nf3 e6 3. d4 cxd4 4. Nxd4 Nf6 5. Nc3 Bb4 6. Nde2 Nxe4 7. Qd4 Bxc3+ 8. Nxc3 Nf6 9. Bg5 d5 10. Rd1 Nc6 11. Qh4 Qe7 12. Bd3 Bd7 13. O-O O-O-O 14. Rfe1 Qb4 15. Bxf6 gxf6 16. Qxf6 Qd4 17. Qxd4 Nxd4 18. Re3 f5 19. f4 Rhg8 20. g3 h5 21. Kf2 Bc6 22. Rd2 Rg6 23. Bf1 Nxc2 24. Rxc2 d4 25. Rd3 dxc3 26. Rcxc3 h4 27. Bg2 hxg3+ 28. hxg3 Rxd3 29. Rxd3 Bxg2 30. Kxg2 Rg7 31. Kf3 Rd7 32. Re3 Rd6 33. b3 Kd7 34. g4 fxg4+ 35. Kxg4 Rd5 36. a3 a5 37. Kf3 1/2-1/2

[Event "Faroes Open 2018"]
[Site "Sandavagur"]
[Date "2018.07.14"]
[Round "9"]
[White "Fjallheim, Benjamin Reinert"]
[Black "Nilssen, Ellen Fredericia"]
[Result "0-1"]
[ECO "C02"]
[WhiteElo "1375"]
[BlackElo "2152"]
[Annotator "NA"]
[PlyCount "46"]
[EventDate "2018.07.07"]
[EventType "swiss"]
[EventCountry "FAI"]
[SourceTitle "playchess.com"]
[Source "ChessBase"]
[SourceQuality "1"]
[TimeControl "40/5400+30:900+30"]

1. e4 e6 2. d4 d5 3. e5 c5 4. c3 Nc6 5. Nf3 Bd7 6. Bd3 Rc8 7. a3 cxd4 8. cxd4 Qb6 9. Bc2 f6 10. exf6 Nxf6 11. Nc3 Bd6 12. O-O O-O 13. Ne2 e5 14. dxe5 Nxe5 15. Nxe5 Bxe5 16. Ra2 Bxh2+ 17. Kxh2 Qc7+ 18. Bf4 Qxc2 19. Bd6 Ng4+ 20. Kg1 Qxd1 21. Rxd1 Rxf2 22. Nf4 Rcc2 23. Rxd5 Rc1+ 0-1

[Event "Faroes Open 2018"]
[Site "Sandavagur"]
[Date "2018.07.14"]
[Round "9"]
[White "Tummasarson, Flovin M."]
[Black "Maroroa, Sue"]
[Result "0-1"]
[ECO "C55"]
[WhiteElo "1237"]
[BlackElo "2104"]
[Annotator "NA"]
[PlyCount "50"]
[EventDate "2018.07.07"]
[EventType "swiss"]
[EventCountry "FAI"]
[SourceTitle "playchess.com"]
[Source "ChessBase"]
[SourceQuality "1"]
[TimeControl "40/5400+30:900+30"]

1. e4 e5 2. Nf3 Nc6 3. Bc4 Nf6 4. d3 h6 5. Nc3 d6 6. h3 Na5 7. Bb3 g5 8. g4 Nxb3 9. axb3 Bg7 10. Be3 d5 11. exd5 Nxd5 12. Qd2 Nxc3 13. bxc3 Qd5 14. Ke2 O-O 15. c4 Qd6 16. Rad1 f5 17. gxf5 Bxf5 18. b4 Qg6 19. Rdg1 Qh5 20. Bxg5 Kh8 21. Be3 Bd7 22. Rg3 Rxf3 23. Rxf3 Bc6 24. Rg1 Bxf3+ 25. Ke1 Qxh3 0-1

[Event "Faroes Open 2018"]
[Site "Sandavagur"]
[Date "2018.07.14"]
[Round "9"]
[White "Jacobsen, Markus"]
[Black "Petersen, Elias"]
[Result "1/2-1/2"]
[ECO "C07"]
[WhiteElo "1106"]
[BlackElo "1035"]
[Annotator "NA"]
[PlyCount "172"]
[EventDate "2018.07.07"]
[EventType "swiss"]
[EventCountry "FAI"]
[SourceTitle "playchess.com"]
[Source "ChessBase"]
[SourceQuality "1"]
[TimeControl "40/5400+30:900+30"]

1. e4 e6 2. d4 d5 3. Nd2 c5 4. c3 Nc6 5. Ngf3 Qb6 6. Qb3 Qxb3 7. Nxb3 b6 8. exd5 exd5 9. Bb5 Bb7 10. Ne5 Rc8 11. dxc5 Bxc5 12. Nxc5 bxc5 13. O-O Nge7 14. Nxc6 Bxc6 15. Bxc6+ Rxc6 16. Re1 Rc7 17. Bf4 Rd7 18. Rad1 O-O 19. c4 Rfd8 20. Be3 d4 21. Bd2 Nc6 22. a3 f6 23. Re6 Ne5 24. Rc1 Kf7 25. Ra6 Rb8 26. b4 Nd3 27. Rb1 Re7 28. Kf1 g5 29. b5 Ne5 30. Rc1 h5 31. f4 Nd3 32. Rd1 Nxf4 33. Bxf4 gxf4 34. Rc6 Re5 35. Rc7+ Kg6 36. Rxa7 h4 37. h3 Re3 38. Re1 Rc3 39. Re4 Kf5 40. Ree7 f3 41. a4 fxg2+ 42. Kxg2 Rg8+ 43. Rg7 Rxg7+ 44. Rxg7 Rxc4 45. a5 d3 46. Kf2 Rd4 47. Ke1 d2+ 48. Kd1 c4 49. Rg4 Rd5 50. Rxc4 Rxb5 51. a6 Ra5 52. Rxh4 Rxa6 53. Kxd2 Kg5 54. Rc4 f5 55. Ke3 Ra3+ 56. Ke2 Rxh3 57. Rd4 f4 58. Rd3 Rh1 59. Rf3 Kg4 60. Rf2 Rh3 61. Rg2+ Kf5 62. Rf2 Ke4 63. Kf1 f3 64. Kg1 Kf4 65. Rh2 Rg3+ 66. Kf2 Rg6 67. Rh4+ Kg5 68. Rh3 Rc6 69. Rxf3 Kh4 70. Rf4+ Kg5 71. Kf3 Rc1 72. Rg4+ Kh5 73. Rg8 Rf1+ 74. Ke4 Re1+ 75. Kf5 Kh6 76. Kf6 Kh7 77. Rg3 Rf1+ 78. Ke7 Kh6 79. Rg2 Kh5 80. Rg8 Re1+ 81. Kf6 Rb1 82. Kf5 Kh6 83. Kf6 Kh7 84. Rg4 Ra1 85. Rg7+ Kh8 86. Rg3 Rh1 1/2-1/2